 Dungeon Crawl Stone Soup version 0.28.0-43-g3370ac3207 (webtiles) character file.

Game seed: 11981719125087365856

55 Arcadio the Skirmisher (level 3, 0/20 (31) HPs)
             Began as a Palentonga Fighter on Mar 24, 2022.
             Slain by Terence
             ... wielding a +3 short sword of draining
              (6 damage)
             ... on level 2 of the Dungeon.
             The game lasted 00:05:25 (1677 turns).

Arcadio the Skirmisher (Palentonga Fighter)         Turns: 1677, Time: 00:05:28

HP:   0/20 (31)     AC:  6    Str: 21    XL:     3   Next: 67%
MP:   3/3           EV:  7    Int:  8    God:
Gold: 52            SH:  4    Dex:  9    Spells: 2/2 levels left

rFire   . . .      SeeInvis +   a - +0 flail
rCold   . . .      Faith    .   c - +0 buckler
rNeg    . . .      Spirit   .   b - +0 scale mail
rPois   .          Reflect  .   (no helmet)
rElec   .          Harm     .   (no cloak)
rCorr   .          Rampage  .   (no gloves)
Will    .....                   (no barding)
Stlth   ..........              (no amulet)
HPRegen 0.06/turn               (no ring)
MPRegen 0.08/turn               (no ring)

@: very heavily drained
A: large, rugged brown scales 3, see invisible, deformed body, roll 1, armoured
tail
a: Rolling Charge


You were on level 2 of the Dungeon.
You visited 1 branch of the dungeon, and saw 2 of its levels.

You collected 52 gold pieces.

Inventory:

Hand Weapons
 a - a +0 flail (weapon)
 j - a +0 dagger
Armour
 b - a +0 scale mail (worn)
 c - a +0 buckler (worn)
 e - a +0 plate armour
Potions
 d - a potion of might
 f - a potion of flight


   Skills:
 + Level 3.5 Fighting
 + Level 2.5 Maces & Flails
 + Level 2.9 Armour
 + Level 2.8 Shields


You had 2 spell levels left.
You didn't know any spells.
Your spell library contained the following spells:

 Spells                   Type           Power      Damage    Failure   Level
 Foxfire                  Conj/Fire      0%         2x1d4     82%         1
 Conjure Flame            Conj/Fire      0%         6-21      99%         3
 Inner Flame              Hex/Fire       0%         N/A       99%         3
 Flame Wave               Conj/Fire      0%         2d4       100%        4


Dungeon Overview and Level Annotations

Branches:
Dungeon (2/15)

Altars:

Shops:
D:2 ?

Annotations:
D:2 Terence


Innate Abilities, Weirdness & Mutations

You are completely covered in rugged brown scales. (AC +3, +7% HP)
You have supernaturally acute eyesight. (SInv)
Armour fits poorly on your strangely shaped body.
You can roll at nearby foes to attack.
You have a long armoured tail.


Message History

There is a stone staircase leading up here.
The bat hits you but does no damage.
You climb upwards.
There is a stone staircase leading down here.
You start resting.
HP restored.
You climb downwards.
Level annotation: Terence Terence hits you with a +3 short sword of draining.
You feel drained. The bat hits you but does no damage.
Terence completely misses you.
There is a stone staircase leading up here.
You hit Terence.
Terence is lightly wounded.
The bat hits you but does no damage. You block Terence's attack.
You barely miss Terence.
Your tail-slap misses Terence.
Terence is lightly wounded.
The bat hits you but does no damage. Terence barely misses you.
You closely miss Terence.
Terence is lightly wounded.
The bat closely misses you. Terence closely misses you.
Terence hits you with a +3 short sword of draining.
You feel drained.
You hit Terence.
Terence is moderately wounded.
The bat hits you but does no damage.
Terence hits you with a +3 short sword of draining!
You feel drained.
You closely miss Terence.
Terence is moderately wounded.
The bat completely misses you. Terence hits you but does no damage.
You feel drained.
You hit Terence.
Terence is heavily wounded.
The bat hits you but does no damage.
Terence hits you with a +3 short sword of draining.
You feel drained.
* * * LOW HITPOINT WARNING * * *
Terence hits you with a +3 short sword of draining.
You die...

.# #.# ..# #.# #.#
#########.#
....$.....#
.........@#
.........@#
........b.######
.................
.........########
.........#
.........###########
...................
########.........#
....!.....∩.....+


You could see Terence and a bat.

Vanquished Creatures
  An adder (D:2)
  A dart slug (D:2)
  4 ball pythons (D:1)
  4 bats
  2 endoplasms (D:1)
  3 hobgoblins
  7 jackals (D:1)
  4 kobolds
  2 quokkas (D:1)
  5 frilled lizards
  3 goblins (D:1)
  3 rats (D:1)
39 creatures vanquished.

Notes
Turn   | Place    | Note
-------+----------+-------------------------------------------
     0 | D:1      | Arcadio the Palentonga Fighter began the quest for the Orb.
     0 | D:1      | Reached XP level 1. HP: 19/19 MP: 1/1
    77 | D:1      | Reached XP level 2. HP: 22/25 MP: 2/2
   563 | D:1      | Found a faded altar of an unknown god.
   574 | D:1      | Reached XP level 3. HP: 31/31 MP: 3/3
  1323 | D:2      | Noticed Terence
  1337 | D:2      | HP: 1/26 [bat (1)]
  1348 | D:2      | HP: 1/26 [bat (1)]
  1352 | D:2      | Found Naratuq's Magic Scroll Boutique.
  1361 | D:2      | HP: 1/26 [bat (1)]
  1677 | D:2      | Slain by Terence

Illustrated notes

Levels and vault maps discovered:
D:1:      scummos_arrival_hexagon, layout_loops_ring,
          hellmonk_ecumenical_altar_run_dry
D:2:      layout_basic, serial_shops, shop, grunt_ministairs_12, uniq_terence

Action                   || total
-------------------------++-------
Melee: Flail             ||   125
       Tailslap          ||     8
  Use: Scroll            ||     4
Armor: Scale mail        ||   109
Dodge: Dodged            ||    67
Block: Buckler           ||    30
